Map: Royal Blood LE

Players

Maldryl - Winner!

  • Race: Zerg Zerg
  • League: Diamond
  • Spawn Location: 7:00

CombatWombat

  • Race: Protoss Protoss
  • League: Diamond
  • Spawn Location: 1:00

VOD

Have the link to the VOD?

Description

Time

  • Played on: May 12, 2023, 1:39 p.m.
  • Length: 18:34
Show
View Real Time Build Order
Export as new Build Order

Maldryl Zerg - Winner!

Build Orders: Hatch First 

Get SALT Encoding   

  12  0:00  Drone  
  13  0:13  Overlord  
  13  0:17  Drone  
  14  0:31  Drone x2  
  16  0:49  Drone  
  17  0:55  Hatchery  
  17  0:56  Drone  
  17  1:01  Drone  
  18  1:10  Extractor  
  17  1:15  Spawning Pool  
  16  1:20  Drone  
  16  1:25  Hatchery  
  17  1:28  Drone  
  17  1:31  Drone  
  19  1:46  Drone  
  20  1:51  Drone  
  21  2:01  Overlord  
  21  2:12  Hatchery  
  21  2:13  Queen  
  22  2:23  Drone x2  
  22  2:25  Metabolic Boost  
  24  2:37  Zergling x4  
  24  2:44  Queen  
  26  2:47  Drone  
  29  2:55  Drone x2  
  31  2:59  Drone  
  31  3:02  Queen  
  34  3:07  Overlord  
  34  3:17  Drone x2  
  35  3:24  Queen  
  36  3:27  Zergling x8  
  39  3:37  Drone x2  
  40  3:45  Drone x3  
  40  3:48  Drone  
  43  3:57  Drone x4  
  43  3:59  Spore Crawler  
  43  4:01  Spore Crawler  
  45  4:08  Queen  
  47  4:10  Overlord  
  47  4:15  Drone  
  48  4:24  Drone x3  
  50  4:29  Queen x2  
  53  4:32  Drone  
  53  4:35  Drone x2  
  56  4:39  Overlord  
  56  4:51  Drone x2  
  56  4:52  Overlord  
  58  4:59  Drone x7  
  66  5:00  Drone  
  66  5:07  Extractor  
  66  5:08  Extractor  
  64  5:19  Hatchery  
  63  5:21  Drone x10  
  70  5:32  Drone x5  
  73  5:37  Overlord x2  
  73  5:39  Lair  
  73  5:43  Evolution Chamber  
  73  5:44  Evolution Chamber  
  73  5:45  Extractor, Drone x2  
  73  5:47  Drone  
  80  6:04  Zergling x20  
  82  6:13  Zerg Melee Weapons Level 1  
  82  6:14  Zerg Missile Weapons Level 1  
  82  6:19  Overlord x2  
  82  6:37  Zergling x24  
  89  6:40  Drone  
  89  6:42  Queen  
  92  6:50  Baneling Nest  
  92  6:51  Drone x4  
  92  6:52  Roach Warren  
  92  6:53  Queen  
  96  7:09  Overlord  
  96  7:14  Drone x11, Hatchery  
  104  7:27  Drone x2  
  104  7:28  Drone  
  104  7:29  Drone x6  
  113  7:34  Overlord x2  
  113  7:38  Overlord x2  
  113  7:45  Zergling x10  
  117  7:53  Centrifugal Hooks, Glial Reconstitution  
  117  7:57  Zergling x20  
  127  8:10  Overlord x2  
  127  8:11  Roach x6  
  139  8:14  Overseer  
  139  8:16  Pneumatized Carapace  
  139  8:17  Overlord  
  139  8:21  Infestation Pit  
  139  8:22  Extractor, Spore Crawler  
  139  8:23  Drone  
  139  8:24  Extractor, Drone x2, Spine Crawler  
  139  8:25  Spine Crawler  
  136  8:27  Hatchery  
  136  8:29  Roach x4  
  145  8:34  Roach x9  
  145  8:37  Overlord  
  158  8:49  Roach x9  
  173  8:58  Roach x3  
  179  9:03  Roach x9  
  186  9:10  Zergling x8  
  186  9:13  Overlord x2  
  186  9:18  Overlord  
  186  9:19  Overlord  
  186  9:21  Zerg Missile Weapons Level 2, Zerg Melee Weapons Level 2  
  176  9:24  Hive  
  163  9:34  Zergling x28  
  157  9:41  Zergling x14  
  140  9:48  Spire  
  140  9:52  Extractor  
  120  9:53  Extractor  
  120  10:00  Drone x3  
  120  10:01  Drone x3  
  125  10:08  Overseer  
  125  10:10  Overseer  
  125  10:12  Overlord  
  125  10:19  Extractor  
  117  10:39  Queen  
  119  10:53  Drone  
  119  10:54  Drone x2  
  119  10:55  Drone  
  123  11:02  Zerg Flyer Weapons Level 1  
  123  11:03  Corruptor x13  
  149  11:10  Adrenal Glands  
  148  11:12  Zergling x46  
  167  11:23  Roach x7  
  167  11:25  Drone x3  
  184  11:30  Ravager x3  
  187  11:37  Overlord  
  187  11:39  Viper  
  190  11:46  Zergling x20  
  200  12:00  Zergling x16  
  199  12:08  Roach x9  
  199  12:12  Drone  
  199  12:13  Spire  
  181  12:29  Roach x12  
  187  12:37  Ravager x9  
  187  12:43  Zerg Missile Weapons Level 3  
  196  12:44  Drone x4  
  200  13:06  Zerg Flyer Armor Level 1  
  200  13:20  Zerg Melee Weapons Level 3  
  174  13:56  Roach x14  
  192  14:03  Zergling x16  
  192  14:08  Greater Spire  
  176  14:33  Roach x12  
  197  14:52  Hatchery  
  185  14:54  Roach x8  
  193  15:01  Extractor  
  192  15:21  Brood Lord x4  
  200  15:37  Overlord  
  200  15:39  Zerg Ground Armor Level 1  
  193  15:51  Brood Lord x3  
  182  15:58  Corruptor x8  
  182  15:59  Corruptor  
  182  16:02  Overseer  
  200  16:13  Extractor  
  199  16:36  Roach x5  
  199  16:37  Roach  
  188  16:44  Roach x9  
  198  16:56  Zergling x8  
  198  17:01  Roach x6  
  187  17:10  Zergling x32  
  184  17:17  Brood Lord  
  200  17:24  Zergling x4  
  183  17:32  Corruptor x15  
  183  17:36  Zergling x8  
  198  17:50  Drone x4  
  200  17:56  Roach x2  
  197  18:02  Drone x2  
  197  18:03  Drone x2  
Show
View Real Time Build Order
Export as new Build Order

CombatWombat Protoss 

Build Orders: 1 Gate Expand, Oracle Opening, Carriers 

Get SALT Encoding   

  12  0:00  Probe  
  13  0:15  Probe  
  13  0:20  Pylon  
  14  0:27  Probe  
  15  0:40  Probe, Gateway  
  16  0:46  Assimilator  
  16  0:52  Probe (Chrono Boost)  
  17  1:02  Probe (Chrono Boost)  
  18  1:07  Probe (Chrono Boost)  
  19  1:19  Probe  
  20  1:26  Nexus  
  20  1:36  Cybernetics Core  
  20  1:43  Probe  
  20  1:45  Assimilator  
  21  1:50  Pylon  
  21  1:55  Probe  
  22  2:07  Probe  
  23  2:10  Adept (Chrono Boost)  
  25  2:19  Probe  
  26  2:31  Stargate  
  26  2:32  Adept (Chrono Boost)  
  28  2:42  Warp Gate  
  28  2:43  Probe (Chrono Boost)  
  30  2:48  Probe (Chrono Boost)  
  30  2:49  Pylon  
  30  2:54  Probe (Chrono Boost)  
  30  2:58  Probe (Chrono Boost)  
  32  2:59  Probe (Chrono Boost)  
  32  3:03  Adept  
  35  3:07  Probe  
  35  3:12  Probe  
  37  3:14  Oracle  
  37  3:19  Probe  
  41  3:45  Probe x2  
  43  3:48  Gateway  
  43  3:51  Gateway  
  43  3:52  Twilight Council  
  39  3:56  Nexus  
  39  3:57  Probe x2  
  39  4:00  Pylon  
  41  4:06  Oracle (Chrono Boost)  
  41  4:09  Probe x2  
  46  4:29  Adept  
  46  4:34  Probe x2  
  48  4:42  Adept  
  48  4:45  Adept  
  52  4:46  Probe x2  
  52  4:50  Assimilator  
  52  4:51  Oracle (Chrono Boost)  
  52  4:52  Assimilator  
  54  4:58  Probe (Chrono Boost)  
  59  5:02  Probe (Chrono Boost)  
  59  5:10  Probe (Chrono Boost)  
  59  5:14  Probe (Chrono Boost)  
  62  5:16  Probe (Chrono Boost)  
  62  5:17  Blink (Chrono Boost)  
  62  5:18  Probe (Chrono Boost)  
  64  5:22  Probe (Chrono Boost)  
  64  5:25  Probe (Chrono Boost)  
  64  5:26  Probe (Chrono Boost)  
  64  5:27  Probe (Chrono Boost)  
  67  5:33  Probe  
  67  5:34  Probe  
  66  5:36  Probe  
  66  5:39  Shield Battery  
  66  5:42  Pylon  
  67  5:45  Probe, Stalker x3  
  67  5:47  Probe  
  75  5:53  Robotics Facility  
  75  5:57  Pylon  
  75  5:59  Forge  
  75  6:01  Gateway  
  75  6:02  Gateway  
  75  6:06  Gateway  
  75  6:09  Probe x3  
  78  6:11  Stalker  
  78  6:12  Stalker x2  
  84  6:18  Shield Battery  
  84  6:21  Probe x2  
  84  6:22  Probe  
  83  6:33  Probe x2  
  85  6:43  Stalker x3  
  91  6:52  Assimilator  
  91  6:53  Gateway, Assimilator  
  91  6:55  Gateway  
  91  7:01  Protoss Ground Weapons Level 1  
  91  7:05  Nexus  
  91  7:06  Pylon  
  91  7:07  Dark Shrine  
  91  7:08  Charge (Chrono Boost)  
  91  7:12  Gateway x2  
  91  7:16  Fleet Beacon  
  91  7:18  Probe x2  
  93  7:24  Probe  
  93  7:34  Pylon  
  93  7:35  Pylon  
  93  7:36  Pylon x2  
  93  7:52  Nexus  
  93  7:53  Pylon  
  93  8:00  Photon Cannon x2  
  93  8:03  Photon Cannon  
  93  8:05  Stalker x3, Shield Battery  
  95  8:06  Stalker x5  
  95  8:07  Photon Cannon  
  95  8:08  Pylon  
  95  8:10  Observer  
  110  8:13  Carrier  
  110  8:18  Gateway, Robotics Bay  
  116  8:21  Gateway  
  116  8:24  Gateway  
  116  8:26  Gateway  
  116  8:31  Probe x3  
  119  8:34  Photon Cannon  
  119  8:35  Shield Battery  
  119  8:43  Probe x3  
  113  9:06  Stalker  
  113  9:07  Stalker x9  
  121  9:26  Dark Templar x3  
  121  9:31  Carrier  
  123  9:37  Zealot x8  
  129  9:44  Probe x4  
  121  9:56  Probe, Dark Templar  
  124  10:01  Protoss Ground Weapons Level 2 (Chrono Boost)  
  124  10:04  Templar Archives  
  124  10:16  Forge  
  124  10:21  Protoss Air Weapons Level 1  
  120  10:24  Pylon  
  120  10:28  Zealot x9  
  118  10:29  Zealot x3  
  118  10:33  Stalker x2  
  144  10:40  Assimilator  
  144  10:43  Assimilator  
  144  10:45  Gateway  
  144  10:47  Gateway  
  144  10:48  Photon Cannon  
  144  10:50  Photon Cannon  
  144  10:52  Probe x2  
  144  10:55  Protoss Shields Level 1  
  146  11:03  Stargate  
  146  11:20  Shield Battery  
  146  11:26  High Templar  
  146  11:27  High Templar x3  
  146  11:28  High Templar x2, Stalker x2  
  146  11:29  Stalker  
  146  11:31  Archon  
  146  11:32  Archon x2  
  164  11:53  Probe x2  
  164  12:00  Probe  
  157  12:06  Stalker  
  157  12:07  Stalker x7  
  157  12:08  Stalker x6  
  163  12:21  Disruptor  
  157  12:35  High Templar x3  
  163  12:39  Archon  
  163  12:51  Nexus  
  163  12:54  Pylon  
  163  12:55  Robotics Facility  
  163  12:57  Pylon  
  163  12:59  Pylon  
  163  13:13  Disruptor  
  160  13:22  Carrier  
  159  13:31  Carrier  
  159  13:32  Nexus  
  163  13:34  Pylon  
  163  13:35  Pylon  
  163  13:38  Protoss Ground Weapons Level 3  
  163  13:42  Pylon  
  163  13:43  Pylon  
  163  13:44  Pylon x2  
  163  13:49  Pylon x2  
  163  13:50  Pylon x2  
  163  13:51  Disruptor  
  163  13:52  Disruptor  
  145  14:06  High Templar  
  145  14:07  High Templar x3  
  145  14:08  High Templar  
  145  14:09  Zealot x6  
  167  14:10  Zealot x3  
  167  14:12  Archon x2  
  167  14:15  Archon  
  167  14:35  Stargate x2  
  166  14:46  Zealot  
  166  14:47  Zealot x3  
  145  15:00  Disruptor x2  
  151  15:10  Photon Cannon  
  151  15:11  Probe x2  
  151  15:12  Probe x3, Photon Cannon  
  151  15:14  Photon Cannon  
  156  15:15  Pylon  
  156  15:16  Shield Battery  
  156  15:22  Gateway  
  156  15:23  Probe  
  156  15:26  Gateway, Photon Cannon  
  157  15:32  Assimilator  
  157  15:33  Assimilator  
  157  15:35  Photon Cannon  
  157  15:36  Photon Cannon, Carrier x4 (Chrono Boost)  
  157  15:38  Photon Cannon, Shield Battery  
  157  15:39  Protoss Shields Level 2  
  157  15:41  Shield Battery  
  169  16:06  Photon Cannon x2  
  169  16:07  Probe x4  
  169  16:09  Photon Cannon  
  169  16:10  Photon Cannon  
  169  16:11  Shield Battery  
  173  16:13  Shield Battery  
  156  16:45  Stalker  
  156  16:46  Stalker x10  
  156  16:47  Stalker x3  
  121  17:10  Nexus  
  121  17:12  Pylon  
  109  17:18  Stalker x7  
  109  17:19  Stalker x6  
  107  17:42  Dark Templar  
  103  17:45  Zealot x3  
  103  17:46  Zealot x10  
Tags
 
Add a new tag
Caveats
  • Supply blocks, unpowered buildings, or Contaminate may cause inaccurate times.
  • Supply counts are checked every 10 seconds.